 Dungeon Crawl Stone Soup version 0.31-a0-803-g95b03c3367 (webtiles) character file.

Game seed: 957599326638592639

151 javelincjr the Changeling (level 4, -1/36 HPs)
             Began as a Demigod Shapeshifter on Sept 20, 2023.
             Killed by divine providence
             ... invoked by an orc priest
              (11 damage)
             ... on level 3 of the Dungeon.
             The game lasted 00:08:28 (1914 turns).

javelincjr the Changeling (Demigod Shapeshifter)    Turns: 1914, Time: 00:08:29

Health: -1/36      AC:  5    Str: 25    XL:     4   Next: 85%
Magic:  6/6        EV: 11    Int: 12    God:
Gold:   105        SH:  0    Dex: 13    Spells: 3/3 levels left

rFire   . . .        m - +1 dagger (drain)
rCold   . . .        (no shield)
rNeg    . . .        n - +0 ring mail
rPois   .            (helmet currently unavailable)
rElec   .            (cloak currently unavailable)
rCorr   .            (gloves currently unavailable)
SInv    .            (boots currently unavailable)
Will    .....        (no amulet)
Stlth   +            r - ring of wizardry
HPRegen 0.26/turn    s - +6 ring of strength
MPRegen 0.10/turn

%: wizardry (x1)
@: beast-form
A: beast (slay +2), high MP 1, forlorn, divine attributes
a: Begin Untransformation


You were on level 3 of the Dungeon.
You were a hulking beast.
You visited 1 branch of the dungeon, and saw 3 of its levels.

You collected 105 gold pieces.

Inventory:

Hand Weapons
 e - a +0 hand axe
 m - a +1 dagger of draining (weapon)
 p - a +0 rapier of holy wrath
Missiles
 u - 2 boomerangs
 z - 3 silver javelins
Armour
 a - a +0 animal skin
 f - a +0 leather armour
 n - a +0 ring mail (worn)
 o - an orb of energy
Magical Staves
 l - a staff of cold
 w - a staff of air
Jewellery
 r - a ring of wizardry (left hand)
 s - a +6 ring of strength (right hand)
 t - a ring of resist corrosion
Talismans
 c - a beast talisman (active)
 d - a flux talisman
Scrolls
 g - 3 scrolls of teleportation {unknown}
 h - 2 scrolls of butterflies {unknown}
 k - 2 scrolls of identify {unknown}
 v - a scroll of torment {unknown}
 y - a scroll of enchant weapon {unknown}
 A - a scroll of revelation {unknown}
 B - a scroll of fog {unknown}
Potions
 b - a potion of lignification
 i - 4 potions of curing {unknown}
 j - a potion of magic {unknown}
 q - a potion of brilliance {unknown}
 x - a potion of haste {unknown}


   Skills:
 + Level 2.0 Fighting
 + Level 1.3 Armour
 + Level 2.4 Dodging
 + Level 3.2 Unarmed Combat
 * Level 3.6 Shapeshifting


You had 3 spell levels left.
You didn't know any spells.
Your spell library contained the following spells:

 Spells                   Type           Power      Damage    Failure   Level
 Leda's Liquefaction      Hex/Erth       0%         N/A       86%         4
 Lee's Rapid Deconstruct  Erth           0%         3d4*      99%         5
 Leda's Unmaking          Conj/Erth      0%         9d1       100%        6


Dungeon Overview and Level Annotations

Branches:
Dungeon (3/15)

Shops:
D:1 (   D:2 *


Innate Abilities, Weirdness & Mutations

You are a hulking beast.
Your limbs bulge with bestial killing power. (Slay +2)
You have an increased reservoir of magic. (+10% MP)
You shall have no god before yourself.
Your divine heritage dramatically boosts your attributes as you level up.


Message History

You puncture the ball python!
You kill the ball python!
No target in view!
Found a stone staircase leading up.
You see here a ball python corpse.
There is a stone staircase leading up here.
An orc and an orc priest come into view.
The orc shouts!
The orc priest shouts!
The orc priest closely misses you.
You hit the orc priest.
The orc priest is lightly wounded.
The orc priest hits you but does no damage.
You hit the orc priest.
The orc priest is moderately wounded.
The orc priest calls down the wrath of Beogh upon you.
Pain shoots through your body! The orc hits you but does no damage.
You hit the orc priest but do no damage.
You drain the orc priest.
The orc priest is heavily wounded.
The orc priest begins to cast a cantrip, but forgets the words!
The orc barely misses you.
You hit the orc priest. You drain the orc priest.
The orc priest is severely wounded.
The orc priest mumbles some strange prayers to Beogh against you.
Pain shoots through your body! The orc hits you but does no damage.
You barely miss the orc priest.
The orc priest is severely wounded.
The orc barely misses you. The orc priest barely misses you.
An orc comes into view. It is wielding a +0 dagger.
You closely miss the orc priest.
The orc priest is severely wounded.
The orc shouts!
The orc priest barely misses you. The orc barely misses you.
The orc priest invokes the aid of Beogh against you.
Beogh smites you!
* * * LOW HITPOINT WARNING * * *
The orc attacks as it pursues you! The orc closely misses you.
The orc priest invokes the aid of Beogh against you.
Beogh smites you!
You die...

#....................
#....................
#....................
######........†...........
.......<...####...........
........#### ###.........
###..#..# ####.###.####
#....#..#### #............
.........h.# #.##.#.....[.
##.#.##.##.# #.##.#..).<#.
........o# #.##.........
##.#.#.#.o# #.##........#
#.#.#.#..# #............ #
..#.o#########.#.###
###.................
#.##########..#### ..
#......


You could see an orc priest (very drained) and 2 orcs.

Vanquished Creatures
  Jessica (D:3)
  Terence (D:2)
  5 adders (D:2)
  4 dart slugs
  3 ball pythons
  7 bats
  5 endoplasms
  2 giant cockroaches (D:1)
  2 goblins (D:1)
  5 hobgoblins
  A jackal (D:1)
  2 quokkas (D:1)
  5 frilled lizards (D:1)
  3 kobolds
  5 rats
51 creatures vanquished.

Notes
Turn   | Place    | Note
-------+----------+-------------------------------------------
     0 | D:1      | javelincjr the Demigod Shapeshifter began the quest for the
                  | Orb.
     0 | D:1      | Reached XP level 1. HP: 15/15 MP: 3/3
   103 | D:1      | Reached skill level 1 in Fighting
   235 | D:1      | Reached XP level 2. HP: 17/23 MP: 4/4
   616 | D:1      | Found Inomn's Weapon Shop.
   834 | D:1      | Reached XP level 3. HP: 28/28 MP: 5/5
  1052 | D:2      | Found Niebye's General Store.
  1161 | D:2      | Reached skill level 1 in Armour
  1568 | D:3      | Noticed Jessica
  1568 | D:3      | Noticed Terence
  1587 | D:2      | Reached XP level 4. HP: 11/36 MP: 6/6
  1704 | D:2      | Killed Terence
  1745 | D:3      | Killed Jessica
  1914 | D:3      | Killed from afar by an orc priest

Illustrated notes

Levels and vault maps discovered:
D:1:      dpeg_arrival_simpleton_c, layout_loops_corners, serial_shops, shop,
          minmay_split_cup_large
D:2:      layout_rooms, serial_shops, nicolae_shop_statue_plus
D:3:      layout_basic, hellmonk_ecumenical_altar_lost_god,
          kennysheep_nondescript, uniq_jessica, uniq_ijyb, uniq_sigmund,
          uniq_terence

Skill      XL: |  1  2  3  4 |
---------------+-------------+-----
Fighting       | 1 2 |  2.0
Shapeshifting  | 3 |  3.6
Dodging        | 2 |  2.4
Unarmed Combat | 3 |  3.2
Armour         | 1 |  1.3

Action                     |  1- 3 |  4- 6 || total
---------------------------+-------+-------++-------
  Melee: Hand axe          |    34 |       ||    34
         Dagger            |    96 |    30 ||   126
         Punch             |     1 |     1 ||     2
 Armour: Leather armour    |    28 |       ||    28
         Animal skin       |     1 |       ||     1
         Ring mail         |    67 |    13 ||    80
  Dodge: Dodged            |    89 |    21 ||   110

Table legend: (Time is in decaauts)
 A = Elapsed time spent in this place.
 B = Non-inter-level travel time spent in this place.
 C = Inter-level travel time spent in this place.
 D = Time resting spent in this place.
 E = Time spent auto-exploring this place.
 F = Levels seen in this place.
 G = Mean time per level.
                   A        B        C        D        E       F      G
               +--------+--------+--------+--------+--------+-----+--------+
         Total |   1923 |   1901 |     22 |    128 |   1314 |   3 |  641.0 |
       Dungeon |   1923 |   1901 |     22 |    128 |   1314 |   3 |  641.0 |
               +--------+--------+--------+--------+--------+-----+--------+

Top non-repeatable levels by time:
     D:1: 1060 daAuts
     D:2: 680 daAuts
     D:3: 182 daAuts
